 Dungeon Crawl Stone Soup version 0.29-a0-483-g69413ace17 (webtiles) character file.

Game seed: 622354033487979177

2 croobank the Firebug (level 1, 0/13 HPs)
             Began as a Gnoll Fire Elementalist on May 25, 2022.
             Slain by a jackal (2 damage)
             ... on level 1 of the Dungeon.
             The game lasted 00:01:26 (424 turns).

croobank the Firebug (Gnoll Fire Elementalist)       Turns: 424, Time: 00:01:27

Health: 0/13       AC:  2    Str:  7    XL:     1   Next: 40%
Magic:  3/6        EV: 13    Int: 14    God:
Gold:   35         SH:  0    Dex: 12    Spells: 8/9 levels left

rFire   . . .      SeeInvis .   e - +0 short sword
rCold   . . .      Faith    .   (no shield)
rNeg    . . .      Spirit   .   a - +0 robe
rPois   .          Reflect  .   (no helmet)
rElec   .          Harm     .   (no cloak)
rCorr   .          Rampage  .   (no gloves)
Will    .....                   (no boots)
Stlth   ++........              (no amulet)
HPRegen 0.04/turn               (no ring)
MPRegen 0.10/turn               (no ring)

@: very slightly contaminated, studying Fighting
A: fangs 1, strong nose, distributed training
a: no special abilities


You were on level 1 of the Dungeon.
You visited 1 branch of the dungeon, and saw 1 of its levels.

You collected 35 gold pieces.

Inventory:

Hand Weapons
 e - a +0 short sword (weapon)
Missiles
 c - 3 javelins
 f - a stone
Armour
 a - a +0 robe (worn)
Jewellery
 h - an amulet of faith
Scrolls
 d - a scroll of brand weapon {unknown}
 g - a scroll of identify {unknown}
 i - a scroll of magic mapping {unknown}
Potions
 b - a potion of magic


   Skills:
 + Level 0.1 Fighting
 + Level 0.0 Short Blades
 + Level 0.0 Long Blades
 + Level 0.0 Axes
 + Level 0.0 Maces & Flails
 + Level 0.0 Polearms
 + Level 0.0 Staves
 + Level 0.0 Slings
 + Level 0.0 Bows
 + Level 0.0 Crossbows
 + Level 0.0 Throwing
 + Level 0.0 Armour
 + Level 4.4 Dodging
 + Level 4.0 Stealth
 + Level 0.0 Shields
 + Level 0.0 Unarmed Combat
 + Level 4.8 Spellcasting
 + Level 1.9 Conjurations
 + Level 0.0 Hexes
 + Level 0.0 Summonings
 + Level 0.0 Necromancy
 + Level 0.0 Translocations
 + Level 0.0 Transmutations
 + Level 5.3 Fire Magic
 + Level 0.0 Ice Magic
 + Level 0.0 Air Magic
 + Level 0.0 Earth Magic
 + Level 0.0 Poison Magic
 + Level 0.1 Invocations
 + Level 0.0 Evocations


You had 8 spell levels left.
You knew the following spells:

 Your Spells              Type           Power      Damage    Failure   Level
a - Foxfire               Conj/Fire      52%        2x1d6     4%          1

Your spell library contained the following spells:

 Spells                   Type           Power      Damage    Failure   Level
 Scorch                   Fire           36%        2d7       3%          2
 Conjure Flame            Conj/Fire      13%        6-21      12%         3
 Inner Flame              Hex/Fire       10%        N/A       17%         3
 Flame Wave               Conj/Fire      13%        2d6       36%         4


Dungeon Overview and Level Annotations

Branches:
Dungeon (1/15)

Altars:


Innate Abilities, Weirdness & Mutations

You have very sharp teeth.
Your uncanny sense of smell can sniff out nearby items.
Your experience applies equally to all skills.


Message History

You hit the jackal. You bite the jackal, but do no damage.
The jackal is severely wounded.
The foxfire hits the jackal but does no damage.
The foxfire hits the jackal.
You kill the jackal!
A kobold comes into view. It is wielding a +0 short sword.
Casting: Foxfire (safe; 4% risk of failure)
Confirm with . or Enter, or press ? or * to list all spells.
You miscast Foxfire.
You are very lightly contaminated with residual magic.
Nothing appears to happen.
The jackal barely misses you. x2
The jackal bites you. The jackal attacks as you move away!
The jackal closely misses you. The jackal attacks as you move away!
The jackal bites you.
You closely miss the jackal. The jackal bites you.
You hit the jackal. You bite the jackal, but do no damage.
The jackal is heavily wounded.
The jackal closely misses you.
You hit the jackal but do no damage.
The jackal is heavily wounded.
The jackal barely misses you. The jackal bites you.
The jackal attacks as you move away! The jackal completely misses you.
You are too injured to fight recklessly!
You are too injured to fight recklessly!
You hit the jackal.
The jackal is severely wounded.
The jackal bites you but does no damage.
The jackal bites you.
* * * LOW HITPOINT WARNING * * *
Your magical contamination has completely faded away.
Okay, then.
Casting: Foxfire (safe; 4% risk of failure)
Confirm with . or Enter, or press ? or * to list all spells.
You miscast Foxfire.
You are very lightly contaminated with residual magic.
Nothing appears to happen.
The jackal closely misses you.
Casting: Foxfire (safe; 4% risk of failure)
Confirm with . or Enter, or press ? or * to list all spells.
You conjure some foxfire!
The jackal bites you.
You die...

####.# ....... #.#
....... ##.## #♣..♣).∩.
##...## #........
##.#.#.## #........
.....##.# #∩..8..∩.
##.#.#.## #†K......
##...##
########h....... ##.##
#....v@h8h.∩..8.
#.######.##############
####........#
.....######## ######


You could see 3 jackals and a kobold.

Vanquished Creatures
  A jackal (D:1)
  A ball python (D:1)
  A kobold (D:1)
3 creatures vanquished.

Vanquished Creatures (others)
  4 foxfires (D:1)
4 creatures vanquished.

Grand Total: 7 creatures vanquished

Notes
Turn   | Place    | Note
-------+----------+-------------------------------------------
     0 | D:1      | croobank the Gnoll Fire Elementalist began the quest for
                  | the Orb.
     0 | D:1      | Reached XP level 1. HP: 13/13 MP: 6/6
   424 | D:1      | Slain by a jackal

Illustrated notes

Levels and vault maps discovered:
D:1:      dpeg_arrival_rhombus, layout_loops_ring,
          hellmonk_ecumenical_altar_arch_garden

Action                   || total
-------------------------++-------
Melee: Short sword       ||     6
       Unarmed           ||     5
       Bite              ||     3
 Cast: Foxfire           ||     3
 Stab: Sleeping          ||     1
Armor: Robe              ||     1
Dodge: Dodged            ||    15

Table legend: (Time is in decaauts)
 A = Elapsed time spent in this place.
 B = Non-inter-level travel time spent in this place.
 C = Inter-level travel time spent in this place.
 D = Time resting spent in this place.
 E = Time spent auto-exploring this place.
 F = Levels seen in this place.
 G = Mean time per level.
                   A        B        C        D        E       F      G
               +--------+--------+--------+--------+--------+-----+--------+
         Total |    424 |    424 |      0 |    184 |    163 |   1 |  424.0 |
       Dungeon |    424 |    424 |      0 |    184 |    163 |   1 |  424.0 |
               +--------+--------+--------+--------+--------+-----+--------+

Top non-repeatable levels by time:
     D:1: 424 daAuts
